 Dungeon Crawl Stone Soup version 0.32-a0-422-g28b100f618 (webtiles) character file.

Game seed: 13304139921850339950

3917 retardedninja the Cleaver (level 10, -8/89 (90) HPs)
             Began as a Mountain Dwarf Fighter on Feb 21, 2024.
             Was an Initiate of Cheibriados.
             Mangled by a two-headed ogre
             ... wielding a +0 giant club
              (12 damage)
             ... on level 9 of the Dungeon.
             The game lasted 00:20:04 (8575 turns).

retardedninja the Cleaver (Mountain Dwarf Fighter)  Turns: 8575, Time: 00:20:04

HP:   -8/89 (90)    AC: 18    Str: 23    XL:     10   Next: 1%
MP:   10/10         EV:  6    Int: 11    God:    Cheibriados [......]
Gold: 325           SH:  6    Dex: 10    Spells: 9/9 levels left

rFire   . . .        D - +0 broad axe
rCold   . . .        c - +0 buckler
rNeg    . . .        t - +0 plate armour
rPois   .            j - +0 helmet
rElec   .            g - +0 cloak
rCorr   .            (no gloves)
SInv    .            G - +0 pair of boots
Will    +....        y - amulet of regeneration Stlth
                     f - ring of wizardry
HPRegen 1.14/turn    l - ring of wizardry
MPRegen 0.12/turn

%: wizardry (x2)
@: lightly drained, very slow
A: runic magic, artefact enchanting
a: Renounce Religion


You were on level 9 of the Dungeon.
You worshipped Cheibriados.
Cheibriados was noncommittal.
You visited 2 branches of the dungeon, and saw 10 of its levels.

You collected 325 gold pieces.

Inventory:

Hand Weapons
 D - a +0 broad axe (weapon)
Armour
 c - a +0 buckler (worn)
 g - a +0 cloak (worn)
 j - a +0 helmet (worn)
 t - a +0 plate armour (worn)
 u - a scarf of resistance
 G - a +0 pair of boots (worn)
Jewellery
 f - a ring of wizardry (left hand)
 l - a ring of wizardry (right hand)
 n - a ring of magical power
 r - a ring of willpower
 w - a ring of ice
 y - an amulet of regeneration (around neck)
Talismans
 A - a maw talisman
Wands
 a - a wand of iceblast (19)
 d - a wand of polymorph (16)
 C - a wand of flame (32)
 E - a wand of acid (2)
Scrolls
 b - 5 scrolls of poison {unknown}
 e - a scroll of blinking {unknown}
 h - a scroll of amnesia {unknown}
 m - 3 scrolls of teleportation
 s - 3 scrolls of vulnerability {unknown}
 v - 2 scrolls of silence {unknown}
 x - 2 scrolls of fear {unknown}
 F - a scroll of immolation {unknown}
 J - a scroll of enchant weapon {unknown}
Potions
 i - a potion of brilliance {unknown}
 k - 2 potions of lignification {unknown}
 o - 2 potions of degeneration
 p - 4 potions of curing
 q - a potion of magic
 z - a potion of enlightenment {unknown}
 B - a potion of attraction {unknown}
 H - a potion of might
 I - a potion of cancellation {unknown}


   Skills:
 + Level 8.6 Fighting
 + Level 9.0 Axes
 + Level 8.5 Armour
 + Level 8.6 Shields


You had 9 spell levels left.
You didn't know any spells.
Your spell library contained the following spells:

 Spells                   Type           Power      Damage    Failure   Level
 Sandblast                Erth           0%         2d4       21%         1
 Slow                     Hex            0%         N/A       21%         1
 Summon Small Mammal      Summ           0%         N/A       21%         1
 Call Canine Familiar     Summ           0%         N/A       50%         3
 Confusing Touch          Hex            0%         N/A       50%         3
 Passwall                 Erth           0%         N/A       50%         3
 Sigil of Binding         Hex            0%         N/A       50%         3
 Stone Arrow              Conj/Erth      0%         3d7       50%         3
 Vampiric Draining        Necr           0%         2d6       50%         3
 Brom's Barrelling Bould  Conj/Erth      0%         2d3       86%         4
 Summon Blazeheart Golem  Fire/Summ      0%         N/A       86%         4


Dungeon Overview and Level Annotations

Branches:
Dungeon (9/15)             Temple (1/1) D:4
   Lair: D:8-11         Orc: D:9-12

Altars:
Ashenzari
Cheibriados
Dithmenos
Elyvilon
Fedhas
Gozag
Hepliaklqana
Kikubaaqudgha
Makhleb
Nemelex Xobeh
Okawaru
Qazlal
Ru
Sif Muna
Trog
Uskayaw
Vehumet
Wu Jian
Xom
Yredelemnul
Zin
The Shining One

Shops:
D:8 !

Annotations:
D:6 2 transporters, Krumphau's ghost, novice CoGl
D:7 Jeremiah
D:8 4 transporters


Innate Abilities, Weirdness & Mutations

Your spellcasting is much less encumbered by armour.
You can use scrolls of enchantment on lesser artefacts.


Message History

Found 8 stones.
A two-headed ogre comes into view.
It is wielding a +0 giant club and a +0 giant spiked club.
The two-headed ogre shouts in stereo!
A two-headed ogre is nearby!
A two-headed ogre is nearby!
Aiming: Iceblast
Press: ? - help, Q - select action, (/) - cycle Shift-Dir - straight line, f - two-headed ogre
Aim: a two-headed ogre, wielding a +0 giant club and a +0 giant spiked club The mass of ice explodes!
The iceblast engulfs the two-headed ogre!
The two-headed ogre is lightly wounded.
Unknown command.
Aiming: Corrosive Bolt
Press: ? - help, Q - select action, (/) - cycle Shift-Dir - straight line, f/p - two-headed ogre
Aim: a two-headed ogre, wielding a +0 giant club and a +0 giant spiked club (lightly wounded, 86% to hit)
The bolt of acid hits the two-headed ogre!!
The two-headed ogre is heavily wounded.
The two-headed ogre hits you with a +0 giant club!
The two-headed ogre hits you with a +0 giant spiked club.
You slice the two-headed ogre!!
The two-headed ogre is severely wounded.
You hit the two-headed ogre but do no damage.
The two-headed ogre is severely wounded.
The two-headed ogre hits you with a +0 giant club!!
The two-headed ogre hits you with a +0 giant spiked club!
You hit the two-headed ogre but do no damage.
The two-headed ogre is severely wounded.
The two-headed ogre barely misses you.
The two-headed ogre hits you with a +0 giant spiked club!
You barely miss the two-headed ogre.
The two-headed ogre is severely wounded.
The two-headed ogre hits you with a +0 giant club!!
* * * LOW HITPOINT WARNING * * *
The two-headed ogre hits you with a +0 giant spiked club!
* * * LOW HITPOINT WARNING * * *
You slash the two-headed ogre!
The two-headed ogre is almost dead.
The two-headed ogre hits you with a +0 giant club!
You die...
Cheibriados appreciates the motionlessness of death.

.....####.###......#.#
...... ....#.#......#
.########.#.#.########
........#.#.....#
..#.##..#.#####.#
#.#.##..........#
#.#.##......###.#
#.#.##.#.#......#
#..@...#....##.##
###O####...###.#
##.####.# #.#####.#
........####.......#
...........#.#######
....O......#.#
...........#.#
.....#....(..#
.....#########


You could see a two-headed ogre.

Vanquished Creatures
  Maggie (D:6)
  6 yaks (D:8)
  2 ice beasts (D:6)
  2 orc warriors
  A black bear (D:5)
  A phantom (D:6)
  3 centaurs
  A kobold brigand (D:7)
  A bullfrog (D:7)
  A gnoll sergeant (D:8)
  6 wights
  5 killer bees (D:8)
  A howler monkey (D:5)
  A bombardier beetle (D:9)
  6 hounds
  7 orc priests
  Crazy Yiuf (D:6)
  2 sleepcaps
  4 iguanas
  7 orc wizards
  8 gnolls
  14 adders
  4 dart slugs
  3 ribbon worms
  27 orcs
  10 endoplasms
  3 giant cockroaches
  5 goblins
  10 hobgoblins
  4 jackals (D:3)
  6 quokkas
  5 ball pythons
  6 bats
  3 frilled lizards
  10 kobolds
  5 rats
182 creatures vanquished.

Notes
Turn   | Place    | Note
-------+----------+-------------------------------------------
     0 | D:1      | retardedninja the Mountain Dwarf Fighter began the quest
                  | for the Orb.
     0 | D:1      | Reached XP level 1. HP: 19/19 MP: 1/1
   168 | D:1      | Reached XP level 2. HP: 24/26 MP: 2/2
   430 | D:1      | Reached skill level 3 in Axes
   573 | D:1      | Reached XP level 3. HP: 33/33 MP: 3/3
  1019 | D:2      | Reached XP level 4. HP: 39/40 MP: 4/4
  1982 | D:3      | Reached XP level 5. HP: 44/46 MP: 5/5
  2150 | D:3      | Reached skill level 4 in Axes
  2322 | D:3      | Identified the +0 scale mail of the Shining One {Int+5}
  2662 | D:3      | Found a burning altar of Makhleb.
  2662 | D:3      | Noticed a balrug
  2890 | D:4      | Found an iron altar of Okawaru.
  2927 | D:4      | Reached XP level 6. HP: 53/53 MP: 6/6
  3041 | D:4      | You fall into a shaft and drop 2 floors!
  3188 | D:5      | Entered Level 5 of the Dungeon
  3207 | D:5      | Found a radiant altar of Vehumet.
  3273 | D:5      | Reached skill level 5 in Fighting
  3273 | D:5      | Reached skill level 5 in Armour
  3273 | D:5      | Reached skill level 5 in Shields
  3559 | D:4      | Found a staircase to the Ecumenical Temple.
  3632 | Temple   | Entered the Ecumenical Temple
  3748 | D:4      | Found a hide-covered altar of Uskayaw.
  3873 | D:5      | Reached skill level 5 in Axes
  3937 | D:5      | Reached XP level 7. HP: 60/61 MP: 7/7
  4359 | D:6      | Found a blossoming altar of Fedhas.
  4375 | D:6      | Found a sacrificial altar of Ru.
  4397 | D:6      | Found a glowing golden altar of the Shining One.
  4428 | D:6      | Found an opulent altar of Gozag.
  4633 | D:6      | Reached skill level 6 in Axes
  4659 | D:6      | Found a transporter.
  4683 | D:6      | Reached XP level 8. HP: 70/70 MP: 8/8
  4733 | D:6      | Noticed Maggie
  4733 | D:6      | Noticed a hornet
  4751 | D:6      | Killed Maggie
  4842 | D:6      | Found a runed translucent door.
  4843 | D:6      | Noticed Crazy Yiuf
  4891 | D:6      | Found a sparkling altar of Nemelex Xobeh.
  5197 | D:6      | Found a transporter.
  5197 | D:6      | Noticed Krumphau's ghost (novice CoGl)
  5284 | D:6      | Killed Crazy Yiuf
  5555 | D:6      | Reached skill level 7 in Axes
  6245 | D:7      | Reached XP level 9. HP: 79/79 MP: 9/9
  6512 | D:7      | Noticed Jeremiah
  7321 | D:8      | Found Zoaty's Distillery.
  7523 | D:8      | Reached skill level 8 in Axes
  7768 | D:8      | Found a transporter.
  7769 | D:8      | Found a transporter.
  7815 | D:8      | Found a transporter.
  7817 | D:8      | Found a transporter.
  8339 | D:9      | Found an ancient bone altar of Kikubaaqudgha.
  8404 | D:9      | Found a snail-covered altar of Cheibriados.
  8419 | D:9      | Became a worshipper of Cheibriados the Contemplative
  8426 | D:9      | Reached skill level 9 in Axes
  8439 | D:9      | Reached XP level 10. HP: 88/89 MP: 10/10
  8562 | D:9      | Noticed a two-headed ogre
  8574 | D:9      | HP: 3/89 [two-headed ogre/+0 giant club (17)]
  8575 | D:9      | Mangled by a two-headed ogre

Illustrated notes

Levels and vault maps discovered:
D:1:      amcnicky_arrival_blooded_trapdoor, layout_loops_ring
D:2:      layout_basic, dk_vineyard_2
D:3:      layout_loops_ring, makhleb_altar_promises_db
D:4:      layout_loops_ring, nicolae_uskayaw_suspiria,
          okawaru_metal_pillars_1_2, minmay_temple_entry_gardened_gates,
          guppyfry_early_lair_pool
D:5:      layout_loops_cross, vehumet_altar_wand_db
D:6:      layout_loops_ring, nicolae_gozag_cash_rules_everything_around_me,
          nicolae_tso_carved_into_rock, grunt_temple_overflow_open,
          gammafunk_ghost_hive, portal_sewer_entry_d, uniq_crazy_yiuf_cottage,
          uniq_maggie
D:7:      layout_basic, uniq_jeremiah
D:8:      layout_basic, serial_rivers, chequers_serial_rivers_room_a,
          chequers_serial_rivers_room_b, chequers_serial_rivers_micro_b,
          chequers_serial_rivers_room_a, chequers_serial_rivers_room_b,
          chequers_serial_rivers_marsh, serial_shops,
          nicolae_shop_tiny_waterfront, nicolae_transporter_circle
D:9:      layout_basic, slow_altar_1, mainiacjoe_overflow_tiny_flanked,
          david_orc_5, serial_shops, shop
Temple:   chequers_temple_sunken

Skill      XL: |  1  2  3  4  5  6  7  8  9 |
---------------+----------------------------+-----
Axes           | 3 4 5 6 7 9 |  9.0
Fighting       | 4 5 6 7 8 |  8.6
Shields        | 4 5 6 7 8 |  8.6
Armour         | 4 5 6 7 8 |  8.5

Action                     |  1- 3 |  4- 6 |  7- 9 | 10-12 || total
---------------------------+-------+-------+-------+-------++-------
  Melee: War axe           |   117 |   205 |   194 |       ||   516
         Broad axe         |       |       |   202 |     5 ||   207
  Evoke: Wand              |       |       |    11 |     2 ||    13
    Use: Scroll            |       |     4 |     3 |       ||     7
         Potion            |       |       |     7 |       ||     7
 Armour: Scale mail        |    95 |   172 |    97 |       ||   364
         Plate armour      |       |       |   270 |     8 ||   278
  Dodge: Dodged            |    61 |   114 |   125 |     1 ||   301
  Block: Buckler           |    26 |    51 |   106 |       ||   183

Table legend: (Time is in decaauts)
 A = Elapsed time spent in this place.
 B = Non-inter-level travel time spent in this place.
 C = Inter-level travel time spent in this place.
 D = Time resting spent in this place.
 E = Time spent auto-exploring this place.
 F = Levels seen in this place.
 G = Mean time per level.
                   A        B        C        D        E       F      G
               +--------+--------+--------+--------+--------+-----+--------+
         Total |   8866 |   8583 |    283 |   1205 |   5138 |  10 |  886.6 |
       Dungeon |   8806 |   8523 |    283 |   1205 |   5138 |   9 |  978.4 |
        Temple |     60 |     60 |      0 |      0 |      0 |   1 |   60.0 |
               +--------+--------+--------+--------+--------+-----+--------+

Top non-repeatable levels by time:
     D:6: 1913 daAuts
     D:8: 1194 daAuts
     D:2: 1158 daAuts
     D:7: 1142 daAuts
     D:1: 849 daAuts
     D:3: 810 daAuts
     D:4: 766 daAuts
     D:5: 691 daAuts
     D:9: 279 daAuts
  Temple: 60 daAuts
